 Dungeon Crawl Stone Soup version 0.23.2 (webtiles) character file.

Game seed: 10807499144129671490

554 Kairos the Twirler (level 7, -1/55 HPs)
             Began as a Formicid Abyssal Knight on Apr 9, 2019.
             Was a Priest of Lugonu.
             Slain by Blork the orc
             ... wielding a cursed +0 halberd
              (8 damage)
             ... on level 4 of the Dungeon.
             The game lasted 00:05:56 (3659 turns).

Kairos the Twirler (Formicid Abyssal Knight)        Turns: 3659, Time: 00:05:57

Health: -1/55      AC:  6    Str: 18    XL:     7   Next: 55%
Magic:  8/8        EV: 10    Int: 12    God:    Lugonu [***...]
Gold:   168        SH:  0    Dex: 10    Spells: 6/6 levels left

rFire    . . .     SeeInvis +   e - +2 lajatang
rCold    . . .     Gourm    .   (no shield)
rNeg     . . .     Faith    .   d - +0 scale mail
rPois    .         Spirit   .   (helmet unavailable)
rElec    .         Reflect  .   (no cloak)
rCorr    .         Harm     .   (no gloves)
MR       .....                  (no boots)
Stlth    ..........             (no amulet)
HPRegen  0.18/turn              (no ring)
MPRegen  0.11/turn              (no ring)

@: no status effects
A: permanent stasis, dig shafts and tunnels, four strong arms, antennae 3
a: Dig, Shaft Self, Depart the Abyss, Bend Space, Banish, Renounce Religion


You were on level 4 of the Dungeon.
You worshipped Lugonu.
Lugonu was most pleased with you.
You were not hungry.

You visited 1 branch of the dungeon, and saw 4 of its levels.
You visited the Abyss 1 time.

You collected 168 gold pieces.

Inventory:

Hand Weapons
 a - a +1 spear
 e - a +2 lajatang (weapon)
 f - a +0 hunting sling
Missiles
 m - 4 tomahawks (quivered)
Armour
 b - a +0 leather armour
 d - a +0 scale mail (worn)
 g - a +0 ring mail
Scrolls
 h - a scroll of magic mapping
 k - 3 scrolls of remove curse
 l - a scroll of fear {unknown}
 n - a scroll of fog {unknown}
Potions
 j - 3 potions of curing
 o - 2 potions of flight {unknown}
Comestibles
 c - 3 rations
 i - 2 chunks of flesh


   Skills:
 + Level 4.3 Fighting
 - Level 2.0(4.3) Polearms
 * Level 6.2(6.3) Staves
 + Level 3.3 Armour
 + Level 1.8 Dodging
 + Level 0.1 Stealth
 + Level 2.2 Invocations


You had 6 spell levels left.
You didn't know any spells.
Your spell library was empty.

Dungeon Overview and Level Annotations

Branches:
Dungeon (4/15)
 Temple: D:4-7

Altars:
Ashenzari
Cheibriados
Kikubaaqudgha

Annotations:
D:4 Blork the orc


Innate Abilities, Weirdness & Mutations

You cannot be hasted, slowed, berserked, paralysed or teleported.
You can dig through walls and to a lower floor.
Your four strong arms can wield two-handed weapons with a shield.
You have a pair of large antennae on your head. (SInv)


Message History

Blork the orc is severely wounded.
Blork the orc hits you with a cursed +0 halberd!
* * * LOW HITPOINT WARNING * * *
You barely miss Blork the orc.
Blork the orc is severely wounded.
Blork the orc misses you.
You feel better.
Blork the orc hits you with a cursed +0 halberd!
* * * LOW HITPOINT WARNING * * *
Blork the orc hits you but does no damage.
You barely miss Blork the orc.
Blork the orc is severely wounded.
Blork the orc barely misses you.
Your scale mail prevents you from hitting Blork the orc.
Blork the orc is severely wounded.
Blork the orc closely misses you.
You fail to use your ability.
Blork the orc is no longer moving quickly.
Blork the orc hits you with a cursed +0 halberd!
You die...

#......## #. ..#.........#
........# #.##.#.........#
....)...###### #..#.#.........
.............# #.#..........##
.#...........# #....w# ......
.##...#......# #.....#####....
#######......## #...........?..
##............#####...######.....
...####.........@ow..>.#####.....
#### #......######.......##.....
# #......# #######..)..... #
#......# #####.... ######## #....
..... #..... #..... #.)...


You could see Blork the orc (invisible) and a dart slug.

Vanquished Creatures
  Grinder (D:3)
  Sigmund (D:2)
  An iguana (D:4)
  A hound skeleton (D:4)
  Robin (D:3)
  An adder (D:3)
  2 worms (D:2)
  3 dart slugs
  2 leopard geckos
  13 orcs
  A ball python (D:1)
  7 giant cockroaches
  18 goblins
  9 hobgoblins
  3 jackals (D:4)
  3 quokkas
  16 bats
  7 frilled lizards
  A jackal skeleton (D:4)
  8 kobolds
  6 rats
  A rat zombie (D:3)
106 creatures vanquished.

Vanquished Creatures (others)
  3 plants (D:3)
3 creatures vanquished.

Grand Total: 109 creatures vanquished

Notes
Turn   | Place    | Note
-------+----------+-------------------------------------------
     0 | Abyss:1  | Kairos the Formicid Abyssal Knight began the quest for the
                  | Orb.
     0 | Abyss:1  | Reached XP level 1. HP: 18/18 MP: 2/2
    15 | Abyss:2  | Found a corrupted altar of Lugonu.
    57 | Abyss:2  | Noticed a ynoxinul
    60 | Abyss:2  | Noticed a revenant
    61 | D:1      | Escaped the Abyss
   119 | D:1      | Reached skill level 1 in Staves
   146 | D:1      | Reached skill level 1 in Dodging
   195 | D:1      | Found a shattered altar of Ashenzari.
   207 | D:1      | Reached XP level 2. HP: 17/24 MP: 3/3
   312 | D:1      | Reached * piety under Lugonu
   708 | D:1      | Reached XP level 3. HP: 29/29 MP: 4/4
   938 | D:1      | Reached skill level 2 in Staves
  1181 | D:2      | Found a faded altar of an unknown god.
  1338 | D:2      | Reached XP level 4. HP: 30/35 MP: 5/5
  1428 | D:2      | Found a snail-covered altar of Cheibriados.
  1440 | D:2      | Noticed Sigmund
  2111 | D:2      | Killed Sigmund
  2111 | D:2      | Reached skill level 4 in Staves
  2111 | D:2      | Reached XP level 5. HP: 31/42 MP: 6/6
  2111 | D:2      | Reached XP level 6. HP: 35/48 MP: 7/7
  2157 | D:3      | Reached ** piety under Lugonu
  2742 | D:3      | Found an ancient bone altar of Kikubaaqudgha.
  2965 | D:3      | Noticed Robin
  2998 | D:3      | Killed Robin
  3172 | D:3      | Noticed Grinder
  3185 | D:3      | Killed Grinder
  3185 | D:3      | Reached *** piety under Lugonu
  3185 | D:3      | Reached skill level 5 in Staves
  3185 | D:3      | Reached XP level 7. HP: 36/54 MP: 8/8
  3338 | D:3      | Reached skill level 6 in Staves
  3626 | D:4      | Noticed Blork the orc
  3659 | D:4      | Slain by Blork the orc

Skill      XL: |  1  2  3  4  5  6  7 |
---------------+----------------------+-----
Staves         | 1 2 4 5 6 |  6.2
Dodging        | 1 |  1.8
Fighting       | 4 |  4.3
Armour         | 3 |  3.3
Polearms       | |  2.0
Stealth        | |  0.1
Invocations    | |  2.2

Action                   |  1- 3 |  4- 6 |  7- 9 || total
-------------------------+-------+-------+-------++-------
Melee: Lajatang          |   206 |   174 |    45 ||   425
Invok: Depart the Abyss  |     1 |       |       ||     1
 Abil: Dig               |       |     1 |       ||     1
  Use: Potion            |     1 |     2 |     1 ||     4
       Scroll            |     3 |     3 |     1 ||     7
  Eat: Chunk             |     2 |     5 |     3 ||    10
Armor: Leather armour    |     9 |       |       ||     9
       Ring mail         |    76 |       |       ||    76
       Scale mail        |    49 |   104 |    24 ||   177
Dodge: Dodged            |   149 |   130 |    26 ||   305
